 Dungeon Crawl Stone Soup version 0.22.0-6-g71bd7aa (webtiles) character file.

667 Gorice the Bolt Thrower (level 7, -1/49 HPs)
             Began as a Demonspawn Wanderer on Aug 14, 2018.
             Was an Initiate of Okawaru.
             Slain by Eustachio
             ... wielding a +0 rapier
              (4 damage)
             ... on level 5 of the Dungeon.
             The game lasted 00:25:08 (4822 turns).

Gorice the Bolt Thrower (Demonspawn Wanderer)       Turns: 4822, Time: 00:25:09

Health: -1/49      AC:  9    Str: 12    XL:     7   Next: 31%
Magic:  8/8        EV:  8    Int: 24    God:    Okawaru [......]
Gold:   206        SH:  0    Dex:  7    Spells: 8/8 levels left

rFire    . . .     SeeInvis .   b - +1 hand crossbow
rCold    + . .     Gourm    .   (no shield)
rNeg     . . .     Faith    .   g - +0 scale mail
rPois    .         Spirit   .   u - +1 hat
rElec    +         Reflect  .   (no cloak)
rCorr    +         Harm     .   (no gloves)
MR       .....                  (no boots)
Stlth    +.........             (no amulet)
HPRegen  0.16/turn              C - ring of resist corrosion
MPRegen  0.11/turn              y - ring of Vocuch {rElec rC+ Int+8 Dex-5 Stlth+}

@: no status effects
A: antennae 1, rugged brown scales 1, powered by death 3
a: Renounce Religion


You were on level 5 of the Dungeon.
You worshipped Okawaru.
Okawaru was noncommittal.
You were not hungry.

You visited 2 branches of the dungeon, and saw 6 of its levels.
You also visited: Sewer.

You collected 206 gold pieces.

Inventory:

Hand Weapons
 a - a +2 dagger of venom
   (You took it off a kobold on level 2 of the Dungeon)
 b - a +1 hand crossbow (weapon)
 i - a +2 dagger
 o - a +1 vampiric war axe
   (You took it off an orc on level 3 of the Dungeon)
Missiles
 e - 64 bolts (quivered)
 Y - 42 stones
Armour
 c - a +0 ring mail
 g - a +0 scale mail (worn)
 l - a cursed +0 chain mail
 u - a +1 hat (worn)
Jewellery
 y - the ring of Vocuch (right hand) {rElec rC+ Int+8 Dex-5 Stlth+}
   (You found it on level 4 of the Dungeon)

   [ring of protection from cold]

   It affects your intelligence (+8).
   It affects your dexterity (-5).
   It protects you from cold.
   It insulates you from electricity.
   It makes you more stealthy.
 C - a ring of resist corrosion (left hand)
Wands
 m - a wand of iceblast (5)
Scrolls
 k - a scroll of remove curse
 p - 2 scrolls of blinking
 s - a scroll of teleportation {!r}
 t - 3 scrolls of fog
 v - 3 scrolls of magic mapping {!r}
 B - a scroll of fear {!r}
Potions
 d - 2 potions of haste {!q}
 h - 3 potions of heal wounds {!q}
 j - a potion of ambrosia
 n - a potion of mutation {unknown}
 q - 5 potions of curing {unknown}
 r - 2 potions of might {!q}
 w - a potion of magic {unknown}
 A - a potion of lignification {unknown}
Comestibles
 f - 10 rations
 x - a chunk of flesh


   Skills:
 - Level 1.0 Fighting
 * Level 6.3 Crossbows
 - Level 1.0 Throwing
 + Level 4.4 Armour
 - Level 1.0 Stealth
 - Level 1.0 Spellcasting
   Level 2.0 Poison Magic


You had 8 spell levels left.
You didn't know any spells.
Your spell library was empty.

Dungeon Overview and Level Annotations

Branches:
Dungeon (5/15)             Temple (1/1) D:4

Altars:
Ashenzari
Cheibriados
Dithmenos
Elyvilon
Fedhas
Gozag
Hepliaklqana
Kikubaaqudgha
Makhleb
Nemelex Xobeh
Okawaru
Qazlal
Ru
Sif Muna
Trog
Uskayaw
Vehumet
Wu Jian
Xom
Yredelemnul
The Shining One

Annotations:
D:5 Duvessa, Eustachio


Innate Abilities, Weirdness & Mutations

You have a pair of small antennae on your head.
You are partially covered in rugged brown scales. (AC +1, +3% HP)
You regenerate a lot of health from kills.


Message History

Damage: 3 (max 6) Unknown command.
Firing (i - inventory. (/) - cycle)
e - 67 bolts (quivered)
Press: ? - help, Shift-Dir - straight line, f/p - shadow imp
Aim: a shadow imp You shoot a bolt.
The bolt barely misses the shadow imp.
An orc comes into view. It is wielding a club.
An orc priest comes into view.
The orc moves out of view.
Unknown command.
Firing (i - inventory. (/) - cycle)
e - 66 bolts (quivered)
Press: ? - help, Shift-Dir - straight line, f/p - shadow imp
Aim: a shadow imp You shoot a bolt.
The bolt hits the shadow imp.
The shadow imp is heavily wounded.
The shadow imp hits you but does no damage.
Unknown command.
Firing (i - inventory. (/) - cycle)
e - 65 bolts (quivered)
Press: ? - help, Shift-Dir - straight line, f/p - shadow imp
Aim: a shadow imp (heavily wounded)
You shoot a bolt. The bolt hits the shadow imp!
You kill the shadow imp!
Okawaru accepts your kill. The white imp gestures at you.
The puff of frost hits you! You resist.
The orc priest mumbles some strange prayers to Beogh against you.
Beogh smites you!
* * * LOW HITPOINT WARNING * * *
Damage: 18 (max 18)
The orc priest looks encouraged for a moment.
The crimson imp blinks!
The orc throws a tomahawk.
The tomahawk hits you but does no damage.
You see here a tomahawk.
Duvessa, Sister of Dowan comes into view.
She is wielding a short sword.
Duvessa shouts!
Eustachio casts a spell.
Eustachio blinks!
The orc priest calls down the wrath of Beogh upon you.
Beogh smites you!
* * * LOW HITPOINT WARNING * * *
Damage: 9 (max 18) Eustachio drinks a potion.
Eustachio seems to grow stronger.
Eustachio barely misses you.
The orc priest invokes the aid of Beogh against you.
Beogh smites you!
* * * LOW HITPOINT WARNING * * *
Damage: 8 (max 18) Eustachio hits you with a rapier.
You die...

....#....#...............####
...##...................# ..
#.....######........#
#.....+......####'###
#.....#####.....#.# #.....#
#.....#.# #####.....#.#
#.........#.# #..@@.....#.#
... #.. #.........#.# ...##..
#.........#.# .......
#.........# #......
#55.......#
#......##(5.......#
#.......o.........#
#.......e#####......
#.....oo.# ..#####


You could see Eustachio, Duvessa, a crimson imp, a white imp, a shadow imp and
an orc.

Vanquished Creatures
  2 bullfrogs (Sewer)
  A howler monkey (D:5)
  A crimson imp (D:2)
  A hound (D:5)
  2 orc priests
  A bullfrog skeleton (D:4)
  Terence (D:2)
  An iguana (Temple)
  A worker ant (D:4)
  12 adders
  2 river rats
  A shadow imp (D:5)
  2 worms
  2 dart slugs
  5 leopard geckos
  6 orcs
  12 ball pythons
  9 bats
  6 giant cockroaches
  7 goblins
  5 hobgoblins
  7 jackals
  4 quokkas
  8 frilled lizards
  6 kobolds
  39 rats
144 creatures vanquished.

Notes
Turn   | Place    | Note
-------+----------+-------------------------------------------
     0 | D:1      | Gorice the Demonspawn Wanderer began the quest for the Orb.
     0 | D:1      | Gorice set off with: a +2 dagger, a potion of haste {!q}, a +0 ring mail, a +0 hand crossbow, 28 bolts, a ration
     0 | D:1      | Reached XP level 1. HP: 15/15 MP: 2/2
     0 | D:1      | Noticed a minotaur
     0 | D:1      | Noticed a gargoyle
     4 | D:1      | Noticed a gargoyle
     4 | D:1      | Noticed a vampire
     7 | D:1      | Noticed a draconian
     8 | D:1      | Noticed a draconian
    11 | D:1      | Noticed an ogre
    13 | D:1      | Noticed a human
    15 | D:1      | Noticed a human
    15 | D:1      | Noticed a centaur
    17 | D:1      | Noticed a troll
    19 | D:1      | Noticed a spriggan
    19 | D:1      | Noticed a dwarf
    21 | D:1      | Noticed a dwarf
    43 | D:1      | Reached skill level 2 in Crossbows
   223 | D:1      | Reached skill level 2 in Armour
   327 | D:1      | Found a shattered altar of Ashenzari.
   332 | D:1      | Gained mutation: You regenerate a little health from kills. [demonic ancestry]
   332 | D:1      | Reached XP level 2. HP: 21/21 MP: 3/3
   761 | D:1      | Gained mutation: You regenerate health from kills. [demonic ancestry]
   761 | D:1      | Reached XP level 3. HP: 26/26 MP: 4/4
   955 | D:2      | Reached skill level 3 in Crossbows
   981 | D:2      | Noticed Terence
   999 | D:2      | HP: 6/26 [Terence/mace (6)]
  1004 | D:2      | Killed Terence
  1004 | D:2      | Reached XP level 4. HP: 4/32 MP: 5/5
  1220 | D:2      | Reached skill level 3 in Armour
  1274 | D:2      | Reached skill level 4 in Crossbows
  1392 | D:2      | Gained mutation: You are partially covered in rugged brown scales. (AC +1, +3% HP) [demonic ancestry]
  1392 | D:2      | Reached XP level 5. HP: 32/38 MP: 6/6
  2099 | D:3      | Found a glowing drain.
  2137 | Sewer    | Entered a sewer
  2631 | Sewer    | Gained mutation: You regenerate a lot of health from kills. [demonic ancestry]
  2631 | Sewer    | Reached XP level 6. HP: 41/44 MP: 7/7
  2775 | Sewer    | Reached skill level 5 in Crossbows
  3065 | D:3      | Found a faded altar of an unknown god.
  3567 | D:4      | Reached skill level 4 in Armour
  3706 | D:4      | Found a staircase to the Ecumenical Temple.
  3718 | D:4      | Got a steaming iron ring
  3719 | D:4      | Identified the ring of Vocuch {rElec rC+ Int+8 Dex-5 Stlth+} (You found it on level 4 of the Dungeon)
  3738 | Temple   | Entered the Ecumenical Temple
  3987 | Temple   | Became a worshipper of Warmaster Okawaru
  4057 | D:4      | Gained mutation: You have a pair of small antennae on your head. [demonic ancestry]
  4057 | D:4      | Reached XP level 7. HP: 36/49 MP: 8/8
  4100 | D:4      | Reached skill level 6 in Crossbows
  4727 | D:5      | Entered Level 5 of the Dungeon
  4807 | D:5      | Noticed Eustachio
  4818 | D:5      | Noticed Duvessa
  4819 | D:5      | HP: 10/49 [orc priest/divine providence (9)]
  4821 | D:5      | HP: 2/49 [orc priest/divine providence (8)]
  4822 | D:5      | Slain by Eustachio

Skill      XL: |  1  2  3  4  5  6  7 |
---------------+----------------------+-----
Crossbows      | 2 3 4 5 6 |  6.3
Armour         | 2 3 4 |  4.4
Fighting       | |  1.0
Throwing       | |  1.0
Stealth        | |  1.0
Spellcasting   | |  1.0
Poison Magic   | |  2.0

Action                   |  1- 3 |  4- 6 |  7- 9 || total
-------------------------+-------+-------+-------++-------
Melee: Dagger            |    66 |   206 |    21 ||   293
 Fire: Hand crossbow     |    56 |   119 |    14 ||   189
  Use: Scroll            |     4 |     8 |       ||    12
  Eat: Chunk             |       |     9 |     4 ||    13
Armor: Ring mail         |    35 |       |       ||    35
       Scale mail        |       |   166 |    16 ||   182
Dodge: Dodged            |    41 |   111 |     8 ||   160

Table legend:
 A = Turns spent in this place as a percentage of turns spent in the entire game.
 B = Non-inter-level travel turns spent in this place as a percentage of non-inter-level travel turns spent in the entire game.
 C = Inter-level travel turns spent in this place as a percentage of turns spent in this place.
 D = Turns resting spent in this place as a percentage of non-inter-level travel turns spent in this place.
 E = Turns spent auto-exploring this place as a percentage of non-inter-level travel turns spent in this place.
 F = Non-inter-level travel turns spent in this place divided by the number of levels of this place that you've seen.
                   A       B       C       D       E      F
               +-------+-------+-------+-------+-------+----------------------
         Total | 100.0 | 100.0 |   3.1 |  10.1 |  47.6 | 667.4
       Dungeon |  77.2 |  76.7 |   3.7 |   6.1 |  54.0 | 716.4
        Temple |   5.8 |   5.8 |   3.9 |   0.0 |  81.1 | 270.0
         Sewer |  17.0 |  17.6 |   0.0 |  30.7 |   8.2 | 820.0
               +-------+-------+-------+-------+-------+----------------------

Vault maps used:
D:1:      shiori_arrival_whats_in_store_for_you, ashenzari_altar_1
D:2:      first_ration, uniq_terence
D:3:      chequers_ecumenical_altar_simple_redux, portal_sewer_entry_b
D:4:      minmay_temple_entry_glass, minmay_misc_feat_roman,
          hangedman_decor_points
D:5:      uniq_duvessa, uniq_ijyb, uniq_eustachio, uniq_grinder
Temple:   nicolae_temple_the_god_donut
Sewer:    sewer_minmay_w
